 Dungeon Crawl Stone Soup version 0.14-a0-1721-g84c87b2 (webtiles) character file.

1014 Mitsuki the Transmogrifier (level 8, -5/54 HPs)
             Began as a Merfolk Transmuter on Jan 2, 2014.
             Slain by Pikel
             ... wielding a +1,+2 whip of electrocution
              (11 damage)
             ... on Level 4 of the Dungeon.
             The game lasted 00:38:08 (4392 turns).

Mitsuki the Transmogrifier (Merfolk Transmuter)     Turns: 4392, Time: 00:38:09

HP  -5/54        AC  7     Str 11      XL: 8   Next:  0%
MP  13/13        EV 15     Int 14      God:
Gold 170         SH  0     Dex 14      Spells:  3 memorised,  5 levels left

rFire  + . .     SeeInvis .       - Unarmed
rCold  . . .     Clarity  .     u - +0 robe {rF+}
rNeg   + . .     Conserve .     (no shield)
rPois  .         rCorr    .     l - +2 wizard hat
rElec  .         rRot     .     p - +0 cloak
SustAb . .       Spirit   .     k - +0 pair of elf gloves
rMut   .         Warding  .     t - +0 pair of boots
Saprov . . .     Stasis   .     (no amulet)
                                i - ring of regeneration
                                a - ring of positive energy

@: slightly resistant to hostile enchantments, unstealthy
A: change form in water, swift swim
a: no special abilities


You were on level 4 of the Dungeon.
You were not hungry.

You visited 1 branch of the dungeon, and saw 5 of its levels.
You also visited: Sewer.

You collected 170 gold pieces.

Inventory:

Missiles
 b - 10 arrows
Armour
 k - a +0 pair of elven gloves (worn)
 l - a +2 wizard hat (worn)
 p - a +0 cloak (worn)
 t - a +0 pair of boots (worn)
 u - a +0 robe of fire resistance (worn)
Magical devices
 m - a wand of polymorph (3)
Comestibles
 c - a bread ration
Scrolls
 h - 3 scrolls of teleportation
 n - a scroll of noise
 s - a scroll of magic mapping {unknown}
 w - a scroll of curse armour {unknown}
 y - a scroll of identify
 z - 2 scrolls of enchant weapon II
Jewellery
 a - a ring of positive energy (left hand)
 f - an uncursed ring of teleportation
 g - an uncursed amulet of faith {unknown}
 i - a ring of regeneration (right hand)
Potions
 e - a potion of restore abilities
 j - 2 potions of magic {unknown}
 o - 2 potions of speed
 r - a potion of heal wounds {unknown}
 x - 4 potions of flight
Books
 d - a book of Changes

   Spells                             Type                      Level
   *Beastly Appendage                 Transmutation                1
   *Sticks to Snakes                  Transmutation                2
   *Spider Form                       Transmutation/Poison         3
   Ice Form                           Ice/Transmutation            4
   Blade Hands                        Transmutation                5
Magical staves
 v - an uncursed staff of earth


   Skills:
 - Level 1.1 Fighting
 + Level 5.4 Dodging
 - Level 1.0 Stealth
 + Level 5.9 Unarmed Combat
 - Level 2.0 Spellcasting
 + Level 8.0 Transmutations
 - Level 2.5 Poison Magic


You had 5 spell levels left.
You knew the following spells:

 Your Spells              Type           Power        Failure   Level  Hunger
a - Beastly Appendage     Trmt           ###...       1%          1    ##.....
b - Spider Form           Trmt/Pois      ###.......   10%         3    ####...
c - Sticks to Snakes      Trmt           ###.......   1%          2    ###....


Dungeon Overview and Level Annotations

Branches:
Dungeon (5/16)
 Temple: D:4-7

Altars:
Elyvilon
Makhleb
Yredelemnul

Annotations:
D:4 Pikel


Message History

You feel resistant to fire.
You closely miss the slave. The slave barely misses you.
The slave completely misses you. The slave closely misses you.
The slave closely misses you.
There is a stone staircase leading up here.
The slave hits you but does no damage. The slave closely misses you.
Pikel hits you with a whip of electrocution.
You are electrocuted!
* * * LOW HITPOINT WARNING * * *
You climb upwards.
There is a stone staircase leading down here.
You hit Pikel.
Pikel is severely wounded.
The slave misses you. The slave barely misses you. Pikel barely misses you.
You closely miss Pikel.
Pikel is severely wounded.
The slave barely misses you. The slave closely misses you.
Pikel hits you with a whip of electrocution!
You die...

≈≈≈≈≈≈≈≈≈≈≈≈≈≈≈≈≈≈≈≈≈≈≈≈≈≈≈≈
≈≈≈≈≈≈≈≈≈≈≈≈≈≈≈≈≈≈≈≈≈≈≈≈≈≈≈≈≈
≈≈≈≈≈≈≈≈≈≈≈≈≈≈≈≈≈≈≈≈≈≈≈≈≈≈≈≈≈
≈≈≈≈≈≈≈≈≈≈≈≈≈≈≈≈≈≈≈≈≈≈≈≈≈≈≈≈≈
##########################≈≈≈≈
..........................≈≈≈≈
..........................≈≈≈≈
.................@........≈≈≈
...............K@.........≈≈≈≈
.<....<.[....%..@...<.....≈≈≈≈≈
.......<..................≈≈≈≈≈
......)...................≈≈≈≈≈
....>[....................≈≈≈≈≈≈
............(.............≈≈≈≈≈≈
##########################≈≈≈≈≈≈
≈≈≈≈≈≈≈≈≈≈≈≈≈≈≈≈≈≈≈≈≈≈≈≈≈≈≈≈≈≈≈
≈≈≈≈≈≈≈≈≈≈≈≈≈≈≈≈≈≈≈≈≈≈≈≈≈≈≈≈≈≈≈


You could see Pikel and 2 slaves.

Vanquished Creatures
  Grinder (D:3)
  The ghost of mopl the Charmwright, a weakling HESk (D:3)
  The ghost of Psiweapon the Sneak, a weakling OpAr (Sewer)
  A crimson imp (D:4)
  A gnoll shaman (D:4)
  A siren (Sewer)
  Crazy Yiuf (D:3)
  A worker ant (D:4)
  2 mermaids (Sewer)
  An ogre skeleton (D:4)
  Terence (D:3)
  A hound skeleton (D:4)
  7 gnolls
  2 giant mites
  5 adders
  4 green rats
  2 worms (D:4)
  6 grey rats (Sewer)
  7 giant geckos
  2 orcs (D:4)
  2 bats
  8 hobgoblins
  7 jackals
  8 kobolds
  A quokka (D:4)
  5 ball pythons (Sewer)
  7 giant cockroaches
  5 giant newts
  5 goblins
  23 rats
119 creatures vanquished.

Vanquished Creatures (collateral kills)
  A hound (D:4)
  A jackal skeleton (D:4)
  A kobold (D:4)
3 creatures vanquished.

Grand Total: 122 creatures vanquished

Notes
Turn   | Place    | Note
--------------------------------------------------------------
     0 | D:1      | Mitsuki, the Merfolk Transmuter, began the quest for the Orb.
     0 | D:1      | Reached XP level 1. HP: 15/15 MP: 3/3
  1063 | D:1      | Reached XP level 2. HP: 11/21 MP: 2/4
  1321 | D:2      | Found a basalt altar of Yredelemnul.
  1509 | D:2      | Reached skill level 4 in Unarmed Combat
  2036 | D:2      | Reached skill level 1 in Stealth
  2036 | D:2      | Reached XP level 3. HP: 26/26 MP: 4/6
  2041 | D:2      | Learned a level 3 spell: Spider Form
  2210 | D:3      | Noticed mopl's ghost (weakling HESk)
  2213 | D:3      | Noticed Terence
  2245 | D:3      | Killed mopl's ghost
  2245 | D:3      | Reached XP level 4. HP: 29/32 MP: 2/7
  2258 | D:3      | Killed Terence
  2258 | D:3      | Reached skill level 5 in Transmutations
  2295 | D:3      | Learned a level 2 spell: Sticks to Snakes
  2319 | D:3      | Noticed Grinder
  2462 | D:3      | Killed Grinder
  2462 | D:3      | Reached skill level 7 in Transmutations
  2462 | D:3      | Reached XP level 5. HP: 17/37 MP: 6/9
  2462 | D:3      | Reached XP level 6. HP: 19/43 MP: 6/10
  2754 | D:3      | Found a burning altar of Makhleb.
  2754 | D:3      | Found a white marble altar of Elyvilon.
  2810 | D:3      | Noticed Crazy Yiuf
  2821 | D:3      | Killed Crazy Yiuf
  3106 | D:4      | Reached XP level 7. HP: 20/48 MP: 9/12
  3251 | D:4      | Reached skill level 5 in Unarmed Combat
  3424 | D:4      | Found a glowing drain.
  3460 | Sewer    | Entered a sewer
  3631 | Sewer    | Reached skill level 8 in Transmutations
  3840 | Sewer    | Noticed Psiweapon's ghost (weakling OpAr)
  3880 | Sewer    | Reached skill level 5 in Dodging
  3892 | Sewer    | Killed Psiweapon's ghost
  4347 | D:4      | Reached XP level 8. HP: 54/54 MP: 13/13
  4351 | D:5      | Entered Level 5 of the Dungeon
  4351 | D:5      | Noticed Pikel
  4392 | D:4      | Slain by Pikel

Action                   |  1- 3 |  4- 6 |  7- 9 || total
-------------------------+-------+-------+-------++-------
Melee: Unarmed           |    90 |   102 |   296 ||   488
Throw: Dart              |     9 |     3 |       ||    12
 Cast: Beastly Appendage |    14 |       |       ||    14
       Spider Form       |     4 |    12 |     5 ||    21
       Sticks to Snakes  |       |       |     1 ||     1
  Use: Scroll            |     4 |     2 |     2 ||     8
       Potion            |     5 |     1 |       ||     6
 Stab: Sleeping          |     1 |     1 |     4 ||     6
       Distracted        |       |     1 |       ||     1
